 Dungeon Crawl Stone Soup version 0.13-a0-2531-g2ad9301 (webtiles) character file.

3887 Kae the Arsonist (level 10, -23/50 HPs)
             Began as a Tengu Fire Elementalist on July 26, 2013.
             Was an Initiate of Vehumet.
             Killed from afar by onwiheg's ghost (29 damage)
             ... with a fireball
             ... on Level 8 of the Dungeon.
             The game lasted 00:23:31 (10525 turns).

Kae the Arsonist (Tengu Fire Elementalist)         Turns: 10525, Time: 00:23:32

HP -23/50        AC  5     Str  9      XL: 10   Next:  5%
MP  29/32        EV 15     Int 19      God: Vehumet [......]
Gold 446         SH  0     Dex 14      Spells:  4 memorised,  8 levels left

Res.Fire  : . . .   See Invis. : +   t - +4 whip (elec) (curse)
Res.Cold  : . . .   Warding    : .   C - +2 robe "Loum" {Dam+3 SInv}
Life Prot.: . . .   Conserve   : .   (no shield)
Res.Poison: .       Res.Corr.  : .   (helmet restricted)
Res.Elec. : .       Clarity    : .   A - +0 cloak (curse)
Sust.Abil.: . .     Spirit.Shd : .   (no gloves)
Res.Mut.  : .       Stasis     : .   (boots unavailable)
Res.Rott. : .       Flight     : +   (no amulet)
Saprovore : . . .                    (no ring)
                                     n - ring of magical power

@: liquid flames, flying, glowing, quick, somewhat resistant to hostile
enchantments, unstealthy
A: able to fly, beak, talons 3
a: Renounce Religion


You were on level 8 of the Dungeon.
You worshipped Vehumet.
Vehumet was pleased with you.
You were near starving.

You visited 2 branches of the dungeon, and saw 9 of its levels.

You collected 426 gold pieces.

Inventory:

Hand weapons
 j - a +2,+0 falchion of venom
 t - a cursed +4,+4 whip of electrocution (weapon)
Armour
 a - a +0 robe
 A - a cursed +0 cloak (worn)
 C - the +2 robe "Loum" (worn) {Dam+3 SInv}
   (You found it on level 6 of the Dungeon)

   It affects your damage-dealing abilities (+3).
   It enhances your eyesight.
Magical devices
 g - a wand of disintegration (19) {unknown}
 y - a wand of draining (3)
 F - a wand of polymorph (7)
Comestibles
 c - 8 bread rations
 o - a lychee
 r - 2 chokos
 v - an apple
 x - a pear
 z - an apricot
 B - 6 beef jerkies
 E - a slice of pizza
Scrolls
 e - a scroll of remove curse
 u - a scroll of teleportation
Jewellery
 n - a ring of magical power (left hand)
Potions
 d - 3 potions of heal wounds
 h - a potion of experience {unknown}
 k - 3 potions of restore abilities
 l - 2 potions of brilliance
 m - 3 potions of curing
 p - 2 potions of mutation
 q - 2 potions of might
 s - a potion of poison {unknown}
 w - 5 potions of magic
Books
 b - a book of Flames

   Spells                             Type                      Level
   *Flame Tongue                      Conjuration/Fire             1
   *Throw Flame                       Conjuration/Fire             2
   *Conjure Flame                     Conjuration/Fire             3
   Inner Flame                        Hexes/Fire                   3
   *Sticky Flame                      Conjuration/Fire             4
   Fireball                           Conjuration/Fire             5


   Skills:
 - Level 2.1 Dodging
 - Level 2.0 Stealth
 * Level 4.9 Spellcasting
 + Level 10.2 Conjurations
 + Level 11.5 Fire Magic


You had 8 spell levels left.
You knew the following spells:

 Your Spells              Type           Power        Failure   Level  Hunger
a - Flame Tongue          Conj/Fire      #####        1%          1    None
b - Throw Flame           Conj/Fire      #####.       1%          2    #......
c - Conjure Flame         Conj/Fire      #####...     1%          3    ###....
d - Sticky Flame          Conj/Fire      #####...     1%          4    ####...


Dungeon Overview and Level Annotations

Branches:
Dungeon (8/27)             Temple (1/1) D:7
    Orc: D:6-11        Lair: D:8-13

Altars:
Ashenzari
Cheibriados
Elyvilon
Fedhas
Kikubaaqudgha
Makhleb
Nemelex Xobeh
Okawaru
Sif Muna
Vehumet
Xom
Zin
the Shining One

Shops:
D:5: (

Annotations
D:2 1 exclusion
D:4 exclusion: oklob plant
D:8 onwiheg's ghost, powerful DjFE


Innate Abilities, Weirdness & Mutations

You can fly.
You have a beak for a mouth.
You have claws for feet.


Message History

You swoop lightly up into the air.
You feel somewhat more hungry.
You are covered in liquid flames!
Onwiheg's ghost sprays you with burning goo.
The sticky flame hits you!
You are covered in liquid flames!
You are covered in liquid flames!
One of your 2 scrolls of remove curse catches fire!
Your scroll labeled TIULLAG GUTTA catches fire!
One of your 3 scrolls of teleportation catches fire!
You are covered in liquid flames!
One of your 2 scrolls of teleportation catches fire!
* * * LOW HITPOINT WARNING * * *
Your surroundings suddenly seem different.
Found a stone staircase leading down.
You are covered in liquid flames!
* * * LOW HITPOINT WARNING * * *
Onwiheg's ghost casts a spell at you.
The fireball explodes!
The fireball engulfs you!
Ouch! That really hurt!
You die...

.. #####
.... ...#
....##..#
.....>#
#.#...#
#.#.$.# #
#.#..@#
#.#.#...#
## .#.#...#
.. ..#...#
.#######
#.....#
..<....#
#p##..#####
^#.###.#
#.##......#
.#.#
#.###.##..#
.#.#
#.........#


You could see onwiheg's ghost.

Vanquished Creatures
  A troll (D:6)
  A two-headed ogre (D:7)
  A wyvern (D:8)
  A necrophage (D:5)
  6 sky beasts
  2 ogres
  2 centaurs (D:5)
  A crocodile (D:7)
  2 giant frogs (D:7)
  2 insubstantial wisps (D:8)
  A manticore skeleton (D:6)
  3 wights
  5 killer bees (D:8)
  5 crimson imps
  A centaur zombie (D:5)
  2 orc priests (D:5)
  5 hounds
  12 worker ants
  2 big fish (D:4)
  An orc wizard (D:3)
  A centaur skeleton (D:5)
  2 scorpions
  2 jellies
  An iguana (D:5)
  An ogre zombie (D:6)
  Terence (D:2)
  A worker ant zombie (D:5)
  4 gnolls (D:5)
  8 adders
  3 worms
  4 giant geckos
  13 orcs
  9 bats
  2 bat skeletons
  A bat zombie (D:5)
  9 giant cockroaches
  12 goblins
  12 hobgoblins
  12 kobolds
  4 quokkas
  A ball python (D:5)
  5 giant newts
  A goblin skeleton (D:4)
  A hobgoblin skeleton (D:5)
  A hobgoblin zombie (D:6)
  11 jackals
  12 rats
  A rat skeleton (D:6)
191 creatures vanquished.

Vanquished Creatures (others)
  A giant spore (D:6)
  A plant (D:4)
2 creatures vanquished.

Grand Total: 193 creatures vanquished

Notes
Turn   | Place    | Note
--------------------------------------------------------------
     0 | D:1      | Kae, the Tengu Fire Elementalist, began the quest for the Orb.
     0 | D:1      | Reached XP level 1. HP: 10/10 MP: 3/3
   165 | D:1      | Reached XP level 2. HP: 10/15 MP: 1/5
   222 | D:1      | Learned a level 2 spell: Throw Flame
  1314 | D:2      | Reached XP level 3. HP: 19/19 MP: 7/7
  1829 | D:2      | Noticed Terence
  2524 | D:2      | Reached XP level 4. HP: 24/24 MP: 8/8
  2592 | D:2      | Learned a level 3 spell: Conjure Flame
  2655 | D:2      | Killed Terence
  2655 | D:2      | Reached skill level 4 in Fire Magic
  2812 | D:3      | Found a burning altar of Makhleb.
  3072 | D:3      | Reached XP level 5. HP: 8/28 MP: 11/11
  3665 | D:4      | Reached skill level 5 in Fire Magic
  4129 | D:4      | Reached XP level 6. HP: 32/32 MP: 12/12
  4296 | D:4      | Reached skill level 5 in Conjurations
  4540 | D:4      | Found a blossoming altar of Fedhas.
  4564 | D:4      | Reached skill level 6 in Fire Magic
  4739 | D:4      | Noticed an oklob plant
  5189 | D:5      | Entered Level 5 of the Dungeon
  5203 | D:5      | Reached XP level 7. HP: 36/36 MP: 13/13
  5435 | D:5      | Reached skill level 7 in Fire Magic
  5876 | D:5      | Found Donut's Antique Weapon Shoppe.
  5940 | D:5      | Reached skill level 8 in Fire Magic
  5940 | D:5      | Reached XP level 8. HP: 41/41 MP: 15/16
  6202 | D:5      | Noticed a necrophage
  6208 | D:5      | Killed a necrophage
  6302 | D:5      | Reached skill level 9 in Fire Magic
  6358 | D:5      | HP: 2/41 [poisoned by a worker ant]
  7262 | D:6      | Reached skill level 10 in Fire Magic
  7532 | D:6      | Reached XP level 9. HP: 45/45 MP: 17/17
  7538 | D:6      | Learned a level 4 spell: Sticky Flame
  8128 | D:6      | Got a sheer robe
  8135 | D:6      | Identified the cursed +2 robe "Loum" {Dam+3 SInv} (You found it on level 6 of the Dungeon)
  8206 | D:6      | Noticed a troll
  8226 | D:6      | Killed a troll
  8226 | D:6      | Reached skill level 11 in Fire Magic
  8543 | D:6      | Found a shimmering altar of Xom.
  8951 | D:7      | Found a staircase to the Ecumenical Temple.
  8963 | Temple   | Entered the Ecumenical Temple
  8982 | Temple   | Became a worshipper of Vehumet
 10177 | D:8      | Reached skill level 10 in Conjurations
 10312 | D:8      | Reached XP level 10. HP: 36/50 MP: 21/22
 10517 | D:8      | Noticed onwiheg's ghost (powerful DjFE)
 10525 | D:8      | Killed from afar by onwiheg's ghost

Action                   |  1- 3 |  4- 6 |  7- 9 | 10-12 || total
-------------------------+-------+-------+-------+-------++-------
Melee: Unarmed           |    10 |       |       |       ||    10
       Falchion          |       |     6 |       |       ||     6
       Whip              |       |     7 |    47 |     8 ||    62
 Cast: Flame Tongue      |    92 |   121 |   289 |    11 ||   513
       Conjure Flame     |       |     5 |    19 |     1 ||    25
       Throw Flame       |       |    12 |    27 |       ||    39
 Abil: Fly               |       |       |     1 |     1 ||     2
Evoke: Wand              |       |       |     4 |     5 ||     9
  Use: Potion            |       |     2 |     1 |       ||     3
       Scroll            |       |     5 |    17 |     1 ||    23
 Stab: Sleeping          |       |       |     2 |       ||     2
